AoeStats
← Boost'Hate John

Hideout

503586793Analyzed
4v4 RM · 1mo ago on Sep 1, 2026· 29m 10s· 8 players
Game mode
Random Map
Map size
Large (8 player)
Population
200
Speed
Normal
Resources
Standard
Victory
Conquest
Starting age
Dark Age
Ending age
Imperial Age
RankedLock teamsTeams togetherTeam positionsShared explorationLock speedFull tech treeHidden civsTurbo modeCheats
Victory
Defeat
🇫🇷 Gurjaras · France
1869
+10
🇫🇷 Malay · France
1751
+15
🇫🇷 Jurchens · France
1685
+18
🇫🇷 Bohemians · France
1633
+20
🇻🇳 Wu · Vietnam
1831
-20
🇭🇰 Sicilians · Hong Kong SAR China
1722
-15
🇻🇳 Celts · Vietnam
1695
-14
🇨🇳 Inca · China
1650
-12
Tatan
6:38 Loom
8:47 Feudal Age
9:30 Double-Bit Axe
13:25 Horse Collar
24:30 Castle Age
22:40 Gold Mining
26:00 Wheelbarrow
25:36 Bow Saw
27:04 Heavy Plow
27:03 Fletching
ARKINE
10:06 Feudal Age
10:44 Double-Bit Axe
13:35 Castle Age
11:56 Horse Collar
15:33 Bow Saw
ChauNg
10:57 Feudal Age
14:32 Castle Age
12:43 Double-Bit Axe
12:59 Horse Collar
14:07 Gold Mining
15:38 Bow Saw
15:28 Heavy Plow
18:58 Loom
21:26 Wheelbarrow
22:04 Scale Barding Armor
23:33 Town Watch
23:50 Husbandry
24:45 Chain Barding Armor
25:43 Forging
27:12 Iron Casting
DL-Empty
5:51 Loom
8:38 Feudal Age
9:02 Man-at-Arms
16:51 Double-Bit Axe
19:51 Fletching
21:48 Wheelbarrow
23:53 Castle Age
23:02 Padded Archer Armor
24:46 Crossbowman
scorpion145
11:52 Feudal Age
15:08 Castle Age
13:19 Double-Bit Axe
15:26 Scale Barding Armor
15:12 Horse Collar
19:56 Loom
20:58 Bow Saw
23:48 Wheelbarrow
23:35 Husbandry
26:46 Forging
27:32 Devotion
28:28 Gold Mining
kitchiro
9:29 Loom
11:17 Feudal Age
12:29 Double-Bit Axe
12:30 Horse Collar
15:25 Castle Age
16:25 Bow Saw
16:21 Heavy Plow
18:15 Chemistry
18:55 Padded Archer Armor
27:31 Leather Archer Armor
28:20 Wheelbarrow
28:20 Sanctity
28:14 Fervor
31:51 Imperial Age
30:01 Hand Cart
Beauvéro
6:05 Loom
8:42 Feudal Age
15:50 Double-Bit Axe
21:34 Castle Age
19:30 Horse Collar
20:19 Forging
21:42 Gold Mining
22:45 Bow Saw
23:15 Wheelbarrow
22:56 Bloodlines
22:39 Light Cavalry
27:53 Husbandry
Boost'Hate John
10:12 Feudal Age
10:42 Loom
15:05 Castle Age
15:23 Forging
20:46 Double-Bit Axe
20:42 Horse Collar
23:28 Arson
26:38 Scale Mail Armor
28:12 Devotion
29:49 Wheelbarrow
Connection lost

Rejoining the realm…

Still unreachable

The connection could not be restored.

Session expired

The server has moved on; the page needs a fresh start.